 Dungeon Crawl Stone Soup version 0.27.1-3-gb3d3a73c9e (webtiles) character file.

Game seed: 16830037558372579113

135 ABBCCCDDDD the Sneak (level 5, -2/34 HPs)
             Began as an Octopode Enchanter on Oct 7, 2021.
             Killed by divine providence
             ... invoked by an orc priest
              (8 damage)
             ... on level 3 of the Dungeon.
             The game lasted 00:04:12 (3215 turns).

ABBCCCDDDD the Sneak (Octopode Enchanter)           Turns: 3215, Time: 00:04:13

Health: -2/34      AC:  1    Str:  8    XL:     5   Next: 18%
Magic:  4/8        EV: 13    Int: 18    God:
Gold:   113        SH:  0    Dex: 12    Spells: 1/8 levels left

rFire    + . .     SeeInvis .   a - +1 dagger
rCold    + . .     Faith    .   (no shield)
rNeg     . . .     Spirit   .   (helmet restricted)
rPois    +         Reflect  .   (no amulet)
rElec    +         Harm     .   (no ring)
rCorr    +         Rampage  .   (no ring)
Will     .....                  (no ring)
Stlth    ++++......             (no ring)
HPRegen  0.11/turn              (no ring)
MPRegen  0.11/turn              (no ring)
                                (no ring)
                                (no ring)

@: resistant, hasted, very quick
A: almost no armour, amphibious, 8 rings, camouflage 1, gelatinous body 1,
(nimble swimmer 1), tentacles
a: no special abilities


You were on level 3 of the Dungeon.
You visited 1 branch of the dungeon, and saw 3 of its levels.

You collected 113 gold pieces.

Inventory:

Hand Weapons
 a - a +1 dagger (weapon)
Wands
 h - a wand of polymorph (10)
Scrolls
 b - 2 scrolls of identify {unknown}
 d - a scroll of teleportation {unknown}
 e - a scroll of blinking {unknown}
 g - a scroll of enchant armour {unknown}
 i - 3 scrolls of amnesia {unknown}
 l - a scroll of silence {unknown}
 m - a scroll of torment {unknown}
Potions
 f - a potion of might {unknown}
 j - a potion of resistance
 k - a potion of curing {unknown}
 n - a potion of magic {unknown}


   Skills:
 + Level 2.1 Fighting
 + Level 2.4 Short Blades
 - Level 2.0 Dodging
 - Level 5.0 Stealth
 + Level 2.1 Spellcasting
 + Level 3.8 Hexes
 + Level 0.4 Translocations


You had one spell level left.
You knew the following spells:

 Your Spells              Type           Power      Damage    Failure   Level
a - Corona                Hex            16%        N/A       3%          1
b - Slow                  Hex            15%        N/A       5%          2
c - Ensorcelled Hibernat  Hex/Ice        16%        N/A       12%         2
d - Blink                 Tloc           N/A        N/A       22%         2

Your spell library contained the following spells:

 Spells                   Type           Power      Damage    Failure   Level
 Confusing Touch          Hex            15%        N/A       11%         3
 Tukima's Dance           Hex            15%        N/A       11%         3
 Dazzling Flash           Conj/Hex       16%        N/A       24%         3
 Lesser Beckoning         Tloc           1%         N/A       41%         3
 Vampiric Draining        Necr           0%         2d6       47%         3
 Manifold Assault         Tloc           3%         N/A       99%         5


Dungeon Overview and Level Annotations

Branches:
Dungeon (3/15)

Altars:
Cheibriados

Annotations:
D:3 exclusion: iron imp


Innate Abilities, Weirdness & Mutations

You cannot wear most types of armour.
You are amphibious.
You can wear up to eight rings at the same time.
Your skin changes colour to match your surroundings (Stealth+).
Your rubbery body absorbs attacks. (AC +1, EV +1)
((You are camouflaged near water. (Stealth+)))
You have tentacles for arms and can constrict up to eight enemies at once.


Message History

The orc priest calls down the wrath of Beogh upon you.
Pain shoots through your body!
You feel sick. The adder closely misses you.
Casting: Ensorcelled Hibernation (safe; 12% risk of failure)
Confirm with . or Enter, or press ? or * to list all spells.
Aiming: Slow (safe; 5% risk of failure)
Press: ? - help, Shift-Dir - straight line, f - adder
Aim: an adder (moderately wounded, chance to affect: 61%)
The adder resists with significant effort.
You feel sick. The adder barely misses you.
You hit the adder. Your grab misses the adder.
The adder is severely wounded.
You feel sick. The adder barely misses you.
You hit the adder. Your grab misses the adder.
The adder is almost dead.
You feel sick.
You are no longer poisoned.
The adder bites you.
You hit the adder.
You kill the adder!
Casting: Slow (safe; 5% risk of failure)
Confirm with . or Enter, or press ? or * to list all spells.
Aiming: Slow (safe; 5% risk of failure)
Press: ? - help, Shift-Dir - straight line, f - orc priest
Aim: an orc priest, wielding a +0 dagger and wearing a +0 scale mail (chance to affect: 51%)
The orc priest seems to slow down.
The orc priest invokes the aid of Beogh against you.
Beogh smites you!
* * * LOW HITPOINT WARNING * * *
You hit the orc priest but do no damage.
You grab the orc priest.
You constrict the orc priest, but do no damage.
It was a potion of resistance.
You feel protected.
You constrict the orc priest. The orc priest misses you.
It was a potion of haste.
You feel yourself speed up.
You constrict the orc priest.
The orc priest mumbles some strange prayers to Beogh against you.
Beogh smites you!
You die...

#.# #.....# #. #.#
###..... #. #.# #.#...# #.
.### ### #.###.#..# #.
.......# #.......#######.
.. ...#.# #####...........
...##.#.# #..####.####
.....#..#######..####.####
#....o@.......#........
##.#.########.#.##.###.
#.......# #.......# #.
#####.### #.......# #. #.
#.##.##.# #. . #....##.#
#< #. #...####.###. #
#.#........... #.
##..........


You could see an orc priest (slow).

Levels and vault maps discovered:
D:1:      dpeg_arrival_castle, layout_basic
D:2:      layout_basic, minmay_goblin_kobold_house
D:3:      layout_loops_cross, slow_altar_1, nemelex_spade_bored_becter,
          minmay_crystal_water

Notes
Turn   | Place    | Note
-------+----------+-------------------------------------------
     0 | D:1      | ABBCCCDDDD the Octopode Enchanter began the quest for the
                  | Orb.
     0 | D:1      | Reached XP level 1. HP: 11/11 MP: 3/3
   244 | D:1      | Reached XP level 2. HP: 18/18 MP: 5/5
   496 | D:1      | Reached skill level 1 in Fighting
   744 | D:1      | Reached XP level 3. HP: 23/23 MP: 6/6
  1847 | D:2      | Learned a level 2 spell: Slow
  1850 | D:2      | Learned a level 2 spell: Ensorcelled Hibernation
  1911 | D:2      | Reached XP level 4. HP: 28/28 MP: 7/7
  2279 | D:2      | Reached skill level 5 in Stealth
  2486 | D:2      | Learned a level 2 spell: Blink
  2685 | D:2      | Reached XP level 5. HP: 34/34 MP: 8/8
  3167 | D:3      | Found a snail-covered altar of Cheibriados.
  3215 | D:3      | Killed from afar by an orc priest

Table legend: (Time is in decaauts)
 A = Elapsed time spent in this place.
 B = Non-inter-level travel time spent in this place.
 C = Inter-level travel time spent in this place.
 D = Time resting spent in this place.
 E = Time spent auto-exploring this place.
 F = Levels seen in this place.
 G = Mean time per level.
                   A        B        C        D        E       F      G
               +--------+--------+--------+--------+--------+-----+--------+
         Total |   3208 |   3155 |     53 |   1240 |   1293 |   3 | 1069.3 |
       Dungeon |   3208 |   3155 |     53 |   1240 |   1293 |   3 | 1069.3 |
               +--------+--------+--------+--------+--------+-----+--------+

Top non-repeatable levels by time:
     D:1: 1666 daAuts
     D:2: 1459 daAuts
     D:3: 82 daAuts

Table legend:
 A = Kills in this place as a percentage of kills in entire the game.
 B = Kills by you in this place as a percentage of kills by you in the entire game.
 C = Kills by friends in this place as a percentage of kills by friends in the entire game.
 D = Other kills in this place as a percentage of other kills in the entire game.
 E = Experience gained in this place as a percentage of experience gained in the entire game.
 F = Experience gained in this place divided by the number of levels of this place that you have seen.
                   A       B       C       D       E      F
               +-------+-------+-------+-------+-------+----------------------
         Total | 100.0 | 100.0 |   N/A |   N/A | 100.0 |  64.3
       Dungeon | 100.0 | 100.0 |   N/A |   N/A | 100.0 |  64.3
               +-------+-------+-------+-------+-------+----------------------

Action                   |  1- 3 |  4- 6 || total
-------------------------+-------+-------++-------
Melee: Dagger            |    57 |    50 ||   107
       Constrict         |    13 |    11 ||    24
       Tentacles         |     5 |     5 ||    10
 Cast: Ensorcelled Hiber |       |     3 ||     3
       Slow              |       |     2 ||     2
  Use: Potion            |       |     2 ||     2
 Stab: Sleeping          |    10 |     6 ||    16
       Distracted        |       |     1 ||     1
Armor: Skin              |     4 |     1 ||     5
Dodge: Dodged            |    47 |    31 ||    78

Vanquished Creatures
  4 gnolls
  6 adders
  2 ball pythons
  3 giant cockroaches
  5 hobgoblins
  4 jackals
  2 quokkas
  3 bats (D:1)
  A frilled lizard (D:2)
  2 goblins (D:1)
  9 kobolds
  3 rats
44 creatures vanquished.
